 Dungeon Crawl Stone Soup version 0.29.1-15-g9cfb28693d (webtiles) character file.

Game seed: 11665339801661353341

2700 HOAXBANE2 the Blocker (level 9, -11/68 HPs)
             Began as a Human Artificer on Mar 8, 2023.
             Was an Initiate of Gozag.
             Mangled by an orc warrior
             ... wielding a +0 trident
              (19 damage)
             ... on level 6 of the Dungeon.
             The game lasted 01:29:37 (8758 turns).

HOAXBANE2 the Blocker (Human Artificer)             Turns: 8758, Time: 01:29:38

Health: -11/68     AC:  9    Str: 21    XL:     9   Next: 97%
Magic:  0/9        EV:  8    Int: 13    God:    Gozag
Gold:   563        SH: 11    Dex: 14    Spells: 8/8 levels left

rFire   + . .      SeeInvis .   z - +5 war axe of Dust {flame, rPois rN+}
rCold   . . .      Faith    .   n - +0 kite shield of the Skies Above {Harm}
rNeg    + + .      Spirit   +   O - +0 scale mail of the Lair of Beasts {rF+ rN+ Slay+3}
rPois   +          Reflect  .   g - +0 helmet
rElec   .          Harm     +   k - +0 cloak
rCorr   +          Rampage  .   (no gloves)
Will    .....                   (no boots)
Stlth   ..........              B - amulet of guardian spirit
HPRegen 0.21/turn               x - ring of resist corrosion
MPRegen 0.11/turn               K - +6 ring of strength

@: no status effects
A: no striking features
a: Renounce Religion, Potion Petition, Call Merchant, Bribe Branch


You were on level 6 of the Dungeon.
You worshipped Gozag.
Gozag was pleased with you.
You visited 1 branch of the dungeon, and saw 7 of its levels.
You also visited: Sewer.

You collected 1050 gold pieces.
You spent 447 gold pieces at shops.
You paid 40 gold pieces to Gozag.

Inventory:

Hand Weapons
 z - the +5 war axe of Dust (weapon) {flame, rPois rN+}
   (You bought it in a shop on level 4 of the Dungeon)

   It burns those it strikes, dealing additional fire damage.
   Big, fiery blades are also staple armaments of hydra-hunters.
   rPois:     It protects you from poison.
   rN:        It protects you from negative energy.
 N - the +7 rapier of Yredelemnul, Usurping {vorpal, rElec Int+4 Dex+3}
   (You found it on level 6 of the Dungeon)

   It inflicts extra damage upon your enemies.
   Int:       It affects your intelligence (+4).
   Dex:       It affects your dexterity (+3).
   rElec:     It insulates you from electricity.
Missiles
 a - 4 javelins
 b - 22 poisoned darts (quivered)
Armour
 g - a +0 helmet (worn)
 k - a +0 cloak (worn)
 n - the +0 kite shield of the Skies Above (worn) {Harm}
   (You found it on level 5 of the Dungeon)

   Harm:      It increases damage dealt and taken.
 s - a +1 leather armour of cold resistance
 J - a +1 robe of positive energy
 O - the +0 scale mail of the Lair of Beasts (worn) {rF+ rN+ Slay+3}
   (You bought it in a shop on level 6 of the Dungeon)

   Slay:      It affects your accuracy & damage with ranged weapons and melee
   (+3).
   rF:        It protects you from fire.
   rN:        It protects you from negative energy.
Jewellery
 x - a ring of resist corrosion (left hand)
 y - a ring of positive energy
 B - an amulet of guardian spirit (around neck)
 K - a +6 ring of strength (right hand)
Wands
 c - a wand of flame (11)
 d - a wand of charming (13)
 e - a wand of iceblast (16)
 p - a wand of paralysis (9)
 L - a wand of acid (4)
Scrolls
 i - a scroll of teleportation
 j - a scroll of amnesia
 m - a scroll of immolation {unknown}
 q - a scroll of fog
 r - a scroll of poison
 t - a scroll of vulnerability {unknown}
 w - a scroll of enchant weapon {unknown}
 A - a scroll of fear {unknown}
 C - a scroll of summoning {unknown}
 E - a scroll of blinking {unknown}
 H - a scroll of noise {unknown}
Potions
 h - 3 potions of heal wounds
 l - a potion of resistance
 o - 7 potions of curing
 u - 3 potions of lignification
 D - 2 potions of flight
 F - a potion of attraction
 G - a potion of mutation {unknown}
 I - a potion of might
 M - a potion of berserk rage {unknown}


   Skills:
 - Level 5.0 Fighting
 - Level 5.0 Axes
 - Level 3.0 Throwing
 - Level 5.0 Armour
 - Level 1.0 Dodging
 - Level 1.0 Stealth
 + Level 8.9 Shields
 - Level 0.8 Fire Magic
 - Level 3.0 Evocations


You had 8 spell levels left.
You didn't know any spells.
Your spell library contained the following spells:

 Spells                   Type           Power      Damage    Failure   Level
 Call Canine Familiar     Summ           0%         N/A       99%         3
 Portal Projectile        Hex/Tloc       0%         N/A       99%         3
 Leda's Liquefaction      Hex/Erth       0%         N/A       100%        4


Dungeon Overview and Level Annotations

Branches:
Dungeon (7/15)             Temple (0/1) D:6           Sewer (visited)

Altars:
Cheibriados
Elyvilon
Fedhas
Gozag
Ru
Vehumet
Wu Jian
Yredelemnul

Shops:
D:4 (   D:6 [


Message History

You closely miss the orc warrior.
The orc warrior is severely wounded.
The orc warrior hits you with a +0 trident.
You closely miss the orc warrior.
The orc warrior is severely wounded.
You block the orc warrior's attack.
You hit the orc warrior. You burn the orc warrior.
The orc warrior is almost dead.
The orc warrior hits you with a +0 trident!
* * * LOW HITPOINT WARNING * * *
The orc warrior hits you with a +0 trident!
* * * LOW HITPOINT WARNING * * *
Aiming: Paralyse
Press: ? - help, Shift-Dir - straight line, f - orc warrior
Aim: an orc warrior, wielding a +0 trident and wearing a +0 chain mail (almost dead, chance to affect: 56%)
Okay, then.
Unknown command.
Unknown command.
Aiming: Throw Flame
Press: ? - help, Shift-Dir - straight line, f - orc warrior
Aim: an orc warrior, wielding a +0 trident and wearing a +0 chain mail (almost dead, 68% to hit)
Okay, then.
Unknown command.
Unknown command.
Cleave: z) +5 war axe of Dust {flame, rPois rN+}
Press: ? - help, Dir - move target, f - orc warrior
Aim: an orc warrior, wielding a +0 trident and wearing a +0 chain mail (almost dead, about 34% to evade the +5 war axe of Dust)
Okay, then.
Unknown command.
Aiming: Charm
Press: ? - help, Shift-Dir - straight line, f - orc warrior
Aim: an orc warrior, wielding a +0 trident and wearing a +0 chain mail (almost dead, chance to affect: 56%)
Okay, then.
Unknown command.
Unknown command.
You closely miss the orc warrior.
The orc warrior is almost dead.
The orc warrior hits you with a +0 trident!!
You die...
Your body crumbles into a pile of gold.

#......#...(..##♣♣.♣♣♣.
#.................♣.♣.♣
##.###.#....#<.##......
#...#.##.^...###.#♣♣♣♣
###.#.#....#.....##...
#.#.#....###.####.#.
#.#.#......#..##..#.
#.#.#..###.##.##.###
#.#@o..##.........#.
#.###...............
#.###.###..⌠...⌠..#.
#.......#.........#.
#####.#....[.>......
#.#.#.........#.
#.###..⌠...⌠..#.
#...............
#####.........##


You could see an orc warrior.

Vanquished Creatures
  Grinder (D:6)
  Prince Ribbit (D:6)
  3 black bears
  3 ice beasts (D:5)
  An ogre (D:5)
  4 phantoms
  2 kobold brigands (Sewer)
  A scorpion (D:5)
  A gnoll sergeant (D:4)
  2 necrophages (D:6)
  Blork the orc (D:6)
  A wyvern zombie (D:6)
  A howler monkey (D:4)
  2 bullfrog zombies (D:6)
  A centaur zombie (D:6)
  2 orc priests (D:5)
  4 hounds
  2 iguanas (D:5)
  2 orc wizards
  A statue (D:4)
  2 killer bee zombies (D:6)
  17 gnolls
  5 adders
  4 river rats
  6 worms
  2 dart slugs (D:2)
  17 orcs
  10 endoplasms
  5 giant cockroaches
  7 goblins
  6 hobgoblins
  9 jackals
  3 quokkas
  4 ball pythons
  5 bats
  A frilled lizard (D:2)
  7 kobolds
  12 rats
158 creatures vanquished.

Vanquished Creatures (collateral kills)
  A gnoll (D:4)
  An orc (D:4)
2 creatures vanquished.

Vanquished Creatures (others)
  An orc wizard (D:6)
1 creature vanquished.

Grand Total: 161 creatures vanquished

Notes
Turn   | Place    | Note
-------+----------+-------------------------------------------
     0 | D:1      | HOAXBANE2 the Human Artificer began the quest for the Orb.
     0 | D:1      | Reached XP level 1. HP: 15/15 MP: 1/1
   220 | D:1      | Found a faded altar of an unknown god.
   303 | D:1      | Reached XP level 2. HP: 14/21 MP: 2/2
  1080 | D:2      | Reached XP level 3. HP: 14/26 MP: 3/3
  2034 | D:2      | Reached XP level 4. HP: 26/32 MP: 4/4
  3220 | D:3      | Found an opulent altar of Gozag.
  3235 | D:3      | Became a worshipper of Gozag Ym Sagoz the Greedy
  3273 | D:3      | Reached XP level 5. HP: 36/37 MP: 5/5
  3927 | D:4      | Noticed a black bear
  3952 | D:4      | Noticed a phantom
  3959 | D:4      | Found Founlah's Antique Weapon Shop.
  3962 | D:4      | Reached skill level 5 in Armour
  3982 | D:4      | Killed a phantom
  3983 | D:4      | Reached XP level 6. HP: 32/46 MP: 6/6
  4511 | D:4      | Bought a fading war axe for 204 gold pieces
  4511 | D:4      | Identified the +5 war axe of Dust {flame, rPois rN+} (You
                  | bought it in a shop on level 4 of the Dungeon)
  4708 | D:4      | Reached XP level 7. HP: 55/55 MP: 7/7
  4839 | D:4      | Found a blossoming altar of Fedhas.
  4850 | D:4      | Reached skill level 5 in Fighting
  5073 | D:4      | Found a snail-covered altar of Cheibriados.
  5445 | D:4      | Found a radiant altar of Vehumet.
  5763 | D:5      | Entered Level 5 of the Dungeon
  5772 | D:5      | Identified the +0 kite shield of the Skies Above {Harm}
  5816 | D:5      | Found a glowing drain.
  5826 | Sewer    | Entered a sewer
  6083 | Sewer    | Reached XP level 8. HP: 37/62 MP: 8/8
  6274 | Sewer    | Found a white marble altar of Elyvilon.
  6451 | D:5      | Reached skill level 5 in Axes
  6654 | D:5      | Reached skill level 2 in Shields
  6820 | D:5      | Reached skill level 3 in Shields
  7136 | D:5      | Reached skill level 4 in Shields
  7255 | D:5      | Found a sacrificial altar of Ru.
  7382 | D:5      | Reached XP level 9. HP: 68/68 MP: 9/9
  7429 | D:5      | Reached skill level 5 in Shields
  7824 | D:6      | Found a staircase to the Ecumenical Temple.
  7983 | D:6      | Reached skill level 6 in Shields
  7985 | D:6      | Found a basalt altar of Yredelemnul.
  8114 | D:6      | Noticed Prince Ribbit
  8117 | D:6      | Found a white marble altar of Elyvilon.
  8118 | D:6      | Noticed Blork the orc
  8120 | D:6      | Killed Prince Ribbit
  8126 | D:6      | Reached skill level 7 in Shields
  8127 | D:6      | Killed Blork the orc
  8128 | D:6      | Found an ornate altar of the Wu Jian Council.
  8255 | D:6      | Identified the +7 rapier of Yredelemnul, Usurping {vorpal,
                  | rElec Int+4 Dex+3}
  8257 | D:6      | Noticed Grinder
  8279 | D:6      | Killed Grinder
  8280 | D:6      | Reached skill level 8 in Shields
  8305 | D:6      | Found Iczaloe's Antique Armour Shoppe.
  8315 | D:6      | Bought a bloodstained scale mail for 243 gold pieces
  8315 | D:6      | Identified the +0 scale mail of the Lair of Beasts {rF+ rN+
                  | Slay+3} (You bought it in a shop on level 6 of the Dungeon)
  8758 | D:6      | Mangled by an orc warrior

Illustrated notes

Levels and vault maps discovered:
D:1:      dpeg_arrival_lava_altar, layout_rooms,
          hellmonk_ecumenical_altar_leap_of_faith
D:2:      layout_basic, nicolae_wormholes
D:3:      layout_loops_ring, grunt_gozag_breadcrumbs, minivault_19
D:4:      cheibrodos_quashed, layout_basic, nicolae_overflow_hidden_temple,
          mainiacjoe_overflow_alcove_4, vehumet_statue, serial_shops, shop
D:5:      layout_cave_pods, nicolae_ru_path_of_blood, portal_sewer_entry_e
D:6:      layout_basic, nicolae_yredelemnul_corpse_copse,
          chequers_temple_overflow_statue_of_worship,
          minmay_temple_entry_large_hall, serial_shops, shop,
          uniq_prince_ribbit1, uniq_blork_the_orc, uniq_grinder
D:7:      layout_loops_cross, hellmonk_ghost_happy_afterlife, serial_shops,
          nicolae_shop_crystal, uniq_duvessa

Skill      XL: |  1  2  3  4  5  6  7  8  9 |
---------------+----------------------------+-----
Armour         | 3 4 5 |  5.0
Fighting       | 2 4 5 |  5.0
Axes           | 4 5 |  5.0
Throwing       | 3 |  3.0
Shields        | 4 8 |  8.9
Dodging        | |  1.0
Stealth        | |  1.0
Fire Magic     | |  0.8
Evocations     | |  3.0

Action                   |  1- 3 |  4- 6 |  7- 9 || total
-------------------------+-------+-------+-------++-------
Melee: Whip              |    96 |    37 |       ||   133
       Dagger            |       |   124 |       ||   124
       Hand axe          |       |    20 |       ||    20
       Punch             |       |     1 |     3 ||     4
       War axe           |       |    19 |   242 ||   261
Throw: Javelin           |    39 |     6 |     5 ||    50
       Dart              |       |       |    47 ||    47
       Throwing net      |       |       |     3 ||     3
Evoke: Wand              |     2 |     5 |     3 ||    10
  Use: Scroll            |     1 |     5 |     6 ||    12
 Stab: Distracted        |       |     1 |     1 ||     2
       Paralysed         |       |     6 |     5 ||    11
Armor: Chain mail        |    71 |   130 |   130 ||   331
       Scale mail        |       |       |     8 ||     8
Dodge: Dodged            |    32 |    62 |    41 ||   135
Block: Buckler           |       |     3 |     3 ||     6
       Kite shield       |       |       |    58 ||    58
